AoeStats
← [LuB]a61

African Clearing

510314527Analyzed
4v4 RM · 3d ago on Sep 30, 2026· 60m 23s· 8 players
Game mode
Random Map
Map size
Large (8 player)
Population
200
Speed
Normal
Resources
Standard
Victory
Conquest
Starting age
Dark Age
Ending age
Imperial Age
RankedLock teamsTeams togetherTeam positionsShared explorationLock speedFull tech treeHidden civsTurbo modeCheats
Victory
Defeat
🇹🇼 Cumans · Taiwan
2025
+7
🇹🇼 Varangians · Taiwan
1930
+11
🇹🇼 Spanish · Taiwan
1893
+12
🇹🇼 Saxons · Taiwan
1887
+12
🇦🇷 Mongols · Argentina
1947
-15
🇨🇳 Vietnamese · China
1801
-10
🇨🇳 Chinese · China
1783
-10
🇭🇰 Varangians · Hong Kong SAR China
1702
-7
The72
9:59 Loom
12:15 Feudal Age
16:15 Castle Age
15:00 Double-Bit Axe
15:29 Horse Collar
17:12 Padded Archer Armor
35:58 Bow Saw
37:21 Wheelbarrow
37:09 Fletching
37:54 Bodkin Arrow
37:40 Elite Skirmisher
39:05 Leather Archer Armor
48:17 Hand Cart
48:36 Gold Mining
52:26 Imperial Age
50:25 Scale Barding Armor
50:32 Heavy Plow
50:09 Light Cavalry
51:07 Bloodlines
51:14 Husbandry
51:42 Chain Barding Armor
53:42 Plate Barding Armor
53:18 Forging
52:29 Hussar
57:09 Iron Casting
57:17 Conscription
59:47 Blast Furnace
Rayz
11:01 Feudal Age
11:36 Double-Bit Axe
12:42 Horse Collar
20:50 Castle Age
19:28 Wheelbarrow
18:38 Loom
21:05 Scale Barding Armor
21:24 Bloodlines
21:47 Bow Saw
22:12 Chain Barding Armor
23:25 Forging
28:34 Gold Mining
34:12 Imperial Age
32:45 Hand Cart
32:16 Town Watch
33:16 Stone Mining
34:06 Iron Casting
35:33 Plate Barding Armor
34:21 Cavalier
36:27 Paladin
38:29 Gold Shaft Mining
41:45 Blast Furnace
43:09 Light Cavalry
43:55 Steppe Husbandry
44:19 Conscription
46:00 Coinage
45:41 Guilds
46:59 Two-Man Saw
46:00 Heavy Plow
48:05 Banking
50:14 Hussar
GKT_Cloud
11:39 Feudal Age
10:52 Loom
12:37 Town Watch
12:49 Double-Bit Axe
18:22 Fletching
19:13 Scale Barding Armor
21:06 Padded Archer Armor
31:15 Castle Age
31:55 Elite Skirmisher
39:56 Bow Saw
48:20 Horse Collar
51:08 Wheelbarrow
56:33 Imperial Age
54:21 Hand Cart
56:35 Ballistics
56:52 Bodkin Arrow
57:12 Leather Archer Armor
56:42 Cranequins
58:51 Bracer
59:54 Chemistry
59:02 Gold Mining
59:20 Heavy Mounted Crossbowman
60:32 Ring Archer Armor
60:36 Conscription
[LuB]a61
10:40 Loom
13:07 Feudal Age
17:35 Castle Age
16:20 Double-Bit Axe
16:30 Fletching
20:04 Bow Saw
30:40 Bodkin Arrow
30:51 Horse Collar
33:39 Wheelbarrow
33:37 Ballistics
33:33 Husbandry
34:30 Bloodlines
35:31 Gold Mining
39:44 Imperial Age
37:05 Crossbowman
39:20 Wheelbarrow
38:54 Thumb Ring
39:43 Heavy Plow
40:27 Bracer
41:52 Chemistry
41:25 Town Watch
41:56 Hand Cart
44:30 Guard Tower
44:26 Arrowslits
44:54 Arbalester
46:58 Padded Archer Armor
47:56 Gold Shaft Mining
47:11 Stone Mining
49:23 Conscription
48:48 Elite Skirmisher
50:03 Leather Archer Armor
51:00 Keep
50:09 Treadmill Crane
51:21 Masonry
52:06 Ring Archer Armor
54:34 Architecture
54:10 Siege Engineers
55:33 Capped Ram
57:04 Siege Ram
Fish
11:17 Loom
13:03 Feudal Age
14:33 Double-Bit Axe
17:00 Castle Age
15:33 Horse Collar
16:25 Gold Mining
16:56 Town Watch
18:00 Bow Saw
19:14 Fletching
21:42 Padded Archer Armor
23:15 Bodkin Arrow
26:10 Ballistics
28:37 Wheelbarrow
31:11 Gold Mining
35:10 Imperial Age
33:36 Leather Archer Armor
35:27 Stone Mining
36:30 Bracer
37:31 Chemistry
38:43 Leather Archer Armor
44:27 Elite Mangudai
46:11 Conscription
46:03 Masonry
46:20 Parthian Tactics
46:30 Bloodlines
46:23 Husbandry
47:29 Thumb Ring
50:16 Coinage
50:43 Capped Ram
55:58 Siege Ram
III
5:53 Loom
13:35 Feudal Age
17:35 Castle Age
23:37 Fletching
26:32 Bodkin Arrow
40:01 Wheelbarrow
41:53 Double-Bit Axe
41:49 Horse Collar
42:09 Gold Mining
43:46 Hand Cart
47:40 Imperial Age
44:40 Pikeman
45:52 Scale Mail Armor
46:51 Chain Mail Armor
46:46 Forging
48:13 Squires
47:43 Halberdier
48:54 Plate Mail Armor
49:56 Coinage
49:51 Bracer
49:51 Padded Archer Armor
50:41 Ballistics
50:01 Elite Skirmisher
51:23 Leather Archer Armor
50:48 Imperial Skirmisher
51:33 Thumb Ring
幾花丹色™
11:35 Loom
13:35 Feudal Age
17:37 Castle Age
15:34 Double-Bit Axe
19:43 Forging
20:21 Scale Barding Armor
30:40 Husbandry
35:48 Bloodlines
36:25 Gold Mining
39:47 Wheelbarrow
43:10 Stone Mining
香香瓜子壳
3:41 Loom
14:02 Feudal Age
14:57 Double-Bit Axe
17:36 Castle Age
15:56 Horse Collar
16:43 Gold Mining
16:53 Stone Mining
21:25 Fletching
23:28 Bodkin Arrow
24:34 Padded Archer Armor
28:56 Gold Shaft Mining
29:09 Stone Shaft Mining
29:57 Wheelbarrow
31:18 Leather Archer Armor
31:56 Town Watch
37:19 Imperial Age
36:39 Ballistics
36:55 Hand Cart
37:23 Thumb Ring
38:02 Bracer
39:56 Chemistry
39:11 Bow Saw
42:20 Ring Archer Armor
43:08 Scale Mail Armor
43:18 Forging
43:09 Squires
42:30 Pikeman
46:02 Chain Mail Armor
46:22 Iron Casting
45:36 Halberdier
Connection lost

Rejoining the realm…

Still unreachable

The connection could not be restored.

Session expired

The server has moved on; the page needs a fresh start.